Map: Ice and Chrome LE

Players

Powerfoe

  • Race: Terran Terran
  • League: Master
  • Spawn Location: 1:00

Zero - Winner!

  • Race: Terran Terran
  • League: Grandmaster
  • Spawn Location: 7:00

VOD

Have the link to the VOD?

Description

Time

  • Played on: Sept. 17, 2020, 9:41 p.m.
  • Length: 9:38
Show
View Real Time Build Order
Export as new Build Order

Powerfoe Terran 

Build Orders:  

Get SALT Encoding   

  12  0:00  SCV  
  13  0:12  SCV  
  14  0:17  Supply Depot  
  14  0:24  SCV  
  14  0:27  Refinery  
  15  0:38  SCV  
  16  0:43  Barracks  
  16  0:50  SCV  
  16  0:53  Refinery  
  17  1:02  SCV  
  18  1:14  SCV  
  19  1:30  Reaper, Orbital Command  
  20  1:34  Factory  
  20  1:42  Supply Depot  
  20  1:55  SCV  
  21  2:02  Reaper  
  21  2:07  SCV  
  23  2:17  Hellion  
  25  2:24  Command Center  
  25  2:26  SCV  
  26  2:34  Barracks Reactor  
  26  2:39  Hellion, SCV  
  29  2:45  Starport  
  29  2:51  SCV  
  30  2:52  Supply Depot  
  30  3:00  Factory Tech Lab  
  30  3:04  SCV  
  31  3:13  Marine x2  
  31  3:18  Siege Tank  
  37  3:21  Medivac  
  37  3:22  SCV  
  39  3:36  Orbital Command, Marine x2  
  39  3:39  SCV  
  42  3:51  Cyclone, SCV  
  46  3:56  Marine x2  
  46  3:57  Starport Tech Lab  
  46  4:00  Supply Depot  
  48  4:04  SCV x2  
  50  4:14  Marine x2  
  50  4:16  SCV  
  52  4:17  SCV  
  52  4:18  Supply Depot  
  53  4:29  SCV  
  53  4:30  SCV  
  55  4:31  Raven  
  57  4:41  SCV  
  57  4:42  Supply Depot, SCV  
  53  4:53  SCV  
  53  4:54  SCV  
  48  5:00  Siege Tank, Marine  
  48  5:01  Marine  
  48  5:02  Command Center  
  48  5:05  SCV  
  48  5:06  SCV  
  53  5:09  Refinery  
  53  5:11  Refinery  
  53  5:17  SCV  
  54  5:24  Barracks  
  54  5:26  SCV  
  54  5:28  Starport Reactor, Barracks  
  55  5:29  SCV  
  55  5:31  Stimpack  
  55  5:32  Marine  
  55  5:33  Siege Tank  
  60  5:38  SCV  
  60  5:39  Engineering Bay  
  60  5:41  Engineering Bay  
  61  5:45  SCV  
  62  5:50  Marine, SCV  
  64  5:58  SCV  
  64  6:02  SCV  
  66  6:05  Terran Infantry Weapons Level 1  
  66  6:07  Terran Infantry Armor Level 1  
  66  6:08  Siege Tank, Marine  
  66  6:10  SCV  
  71  6:11  Marine x2  
  71  6:16  Starport Reactor, Supply Depot  
  71  6:17  Orbital Command, Supply Depot  
  73  6:19  SCV  
  73  6:22  SCV  
  73  6:24  Barracks  
  75  6:27  Barracks  
  75  6:28  Marine x2  
  77  6:33  SCV  
  77  6:34  SCV  
  79  6:42  Orbital Command  
  79  6:44  Supply Depot  
  79  6:45  SCV  
  79  6:46  SCV  
  81  6:51  Marine x5  
  81  6:52  Siege Tank  
  89  6:57  SCV  
  89  6:58  SCV  
  89  7:00  Medivac x2  
  95  7:06  Armory  
  95  7:08  Supply Depot x2, Marine  
  95  7:09  SCV x2  
  95  7:11  SCV  
  97  7:18  Sensor Tower  
  97  7:20  Barracks Reactor x2  
  97  7:21  SCV  
  97  7:22  SCV  
  99  7:23  SCV  
  100  7:32  Marine x2  
  100  7:33  Marine x2  
  100  7:34  SCV  
  100  7:35  Medivac x2  
  100  7:36  Combat Shield  
  109  7:40  SCV x2  
  109  7:42  Refinery  
  111  7:44  Refinery  
  111  7:47  Missile Turret  
  111  7:49  Siege Tank  
  114  7:55  SCV x2  
  116  8:00  Supply Depot x3  
  116  8:02  Supply Depot  
  116  8:03  Marine x2  
  116  8:04  Marine x5  
  116  8:05  Marine x2  
  125  8:16  Medivac x2  
  128  8:21  Marine x4  
  128  8:22  Marine x3  
  128  8:23  Marine  
  103  8:42  Marine x4  
  103  8:43  Marine x2  
  103  8:47  Medivac x2  
  95  8:59  Marine x3  
  95  9:00  Siege Tank, Marine x5  
  95  9:01  SCV x2  
  108  9:07  Marine  
  108  9:17  Marine x3  
  107  9:18  Marine x2  
Show
View Real Time Build Order
Export as new Build Order

Zero Terran - Winner!

Build Orders: Gas First Reaper Expand 

Get SALT Encoding   

  12  0:00  SCV  
  13  0:12  SCV  
  14  0:17  Supply Depot  
  14  0:24  SCV  
  14  0:27  Refinery  
  15  0:39  SCV  
  16  0:44  Barracks  
  16  0:52  SCV  
  17  1:04  SCV  
  18  1:16  SCV  
  19  1:32  Reaper, Orbital Command  
  20  1:45  Command Center  
  20  1:56  Factory  
  20  1:59  SCV  
  21  2:06  Reaper  
  22  2:10  Supply Depot  
  22  2:14  SCV  
  23  2:19  Refinery  
  23  2:32  SCV  
  23  2:38  Barracks Reactor  
  23  2:41  Hellion  
  25  2:44  SCV  
  26  2:53  Starport  
  26  2:56  SCV  
  26  2:57  Orbital Command  
  27  3:00  Bunker  
  27  3:05  Factory Tech Lab  
  27  3:08  SCV  
  28  3:15  Marine x2  
  30  3:20  SCV  
  30  3:23  SCV  
  30  3:26  Cyclone  
  35  3:32  Starport Tech Lab, SCV  
  36  3:34  Marine  
  36  3:35  SCV  
  36  3:37  Marine  
  39  3:44  SCV  
  40  3:48  SCV  
  40  3:51  Supply Depot  
  40  3:52  Marine  
  40  3:55  Marine  
  43  3:56  Raven  
  43  3:57  SCV  
  46  4:11  Supply Depot  
  46  4:12  SCV x2  
  46  4:15  Cyclone  
  51  4:20  Marine  
  52  4:24  SCV x2  
  52  4:28  Marine  
  54  4:34  Barracks  
  54  4:35  Barracks  
  54  4:36  SCV x2  
  52  4:46  Marine  
  52  4:48  SCV x2  
  52  4:49  Siege Tank  
  47  5:01  SCV x2  
  47  5:04  Viking, Marine  
  52  5:12  Supply Depot  
  52  5:13  SCV x2  
  54  5:20  Supply Depot  
  54  5:21  Marine  
  54  5:25  SCV x2  
  57  5:33  Refinery  
  57  5:34  Command Center  
  57  5:37  SCV  
  57  5:40  Marine x2, SCV  
  57  5:41  Stimpack  
  61  5:45  Starport Reactor  
  61  5:46  Factory Tech Lab  
  61  5:47  Combat Shield  
  61  5:49  SCV  
  62  5:53  SCV  
  62  5:55  Marine  
  64  6:00  Refinery, Supply Depot, Barracks Reactor  
  64  6:01  Marine, SCV  
  66  6:06  SCV  
  66  6:11  Barracks  
  67  6:12  Barracks  
  67  6:13  SCV  
  67  6:14  Siege Tank  
  67  6:18  SCV  
  72  6:19  Marine x2  
  72  6:22  Supply Depot  
  74  6:25  SCV  
  74  6:29  Medivac  
  74  6:31  SCV  
  78  6:37  Marine x2, SCV  
  78  6:39  Medivac  
  83  6:43  SCV  
  83  6:46  Marine  
  84  6:47  Marine  
  84  6:49  Engineering Bay x2  
  84  6:51  Orbital Command  
  84  6:53  SCV  
  87  6:55  Marine x2  
  87  6:58  Barracks Reactor x2  
  86  7:01  SCV  
  86  7:04  Marine  
  86  7:05  Marine  
  86  7:06  Medivac  
  86  7:07  Supply Depot  
  91  7:09  Siege Tank  
  91  7:13  Marine  
  91  7:15  Marine  
  94  7:16  SCV x2  
  94  7:20  Orbital Command  
  94  7:22  Marine x2  
  97  7:24  Terran Infantry Weapons Level 1, Terran Infantry Armor Level 1  
  97  7:26  Supply Depot  
  98  7:30  SCV  
  98  7:31  SCV  
  98  7:34  Marine  
  98  7:35  Marine x4  
  105  7:42  SCV  
  105  7:43  Marine x3, SCV  
  110  7:49  Siege Tank  
  110  7:50  Medivac, SCV  
  116  7:54  SCV  
  116  7:55  Supply Depot, Marine, SCV  
  116  7:57  Refinery  
  119  7:58  Marine  
  119  7:59  Marine  
  119  8:02  Marine x3  
  124  8:07  Refinery  
  124  8:08  SCV  
  124  8:09  Supply Depot  
  125  8:13  Marine, Armory  
  125  8:16  Marine x2  
  125  8:17  SCV x2  
  129  8:26  Marine  
  129  8:27  Marine x2  
  130  8:28  Marine  
  130  8:30  Siege Tank  
  130  8:34  Marine  
  130  8:39  Marine, SCV  
  107  8:44  Marine  
  107  8:47  Marine x2  
  98  8:48  Marine x2, SCV x2  
  98  8:51  Marine  
  98  8:52  Marine, SCV  
  102  9:00  SCV x2  
  103  9:04  SCV  
  103  9:10  Marine  
  103  9:12  Marine x3  
  103  9:13  Marine  
  103  9:15  Marine x2  
  113  9:22  SCV  
  114  9:24  Factory  
Tags
 
Add a new tag
Caveats
  • Supply blocks, unpowered buildings, or Contaminate may cause inaccurate times.
  • Supply counts are checked every 10 seconds.